 Dungeon Crawl Stone Soup version 0.30-a0-743-gbfdf073431 (webtiles) character file.

Game seed: 5699429293327106854

637 epen the Grappler (level 7, -3/53 HPs)
             Began as a Gnoll Wanderer on Feb 5, 2023.
             Was an Initiate of Cheibriados.
             Slain by Menkaure (15 damage)
             ... on level 5 of the Dungeon.
             The game lasted 00:05:01 (3300 turns).

epen the Grappler (Gnoll Wanderer)                  Turns: 3300, Time: 00:05:02

Health: -3/53      AC:  7    Str: 16    XL:     7   Next: 50%
Magic:  10/10      EV: 11    Int:  9    God:    Cheibriados [......]
Gold:   245        SH:  0    Dex: 14    Spells: 11/11 levels left

rFire   . . .      SeeInvis .      - Unarmed
rCold   . . .      Faith    .    (no shield)
rNeg    . . .      Spirit   .    d - +0 ring mail
rPois   .          Reflect  .    (no helmet)
rElec   .          Harm     .    v - +0 cloak
rCorr   .          Rampage  .    q - +0 pair of gloves
Will    .....                    (no boots)
Stlth   +                        (no amulet)
HPRegen 0.28/turn                (no ring)
MPRegen 0.12/turn                (no ring)

@: about to teleport, weak-willed, very slow
A: fangs 1, strong nose, distributed training
a: Renounce Religion


You were on level 5 of the Dungeon.
You worshipped Cheibriados.
Cheibriados was noncommittal.
You visited 2 branches of the dungeon, and saw 6 of its levels.

You collected 245 gold pieces.

Inventory:

Hand Weapons
 a - a +0 falchion
 x - a +2 long sword of electrocution
Missiles
 r - 2 throwing nets (quivered)
Armour
 d - a +0 ring mail (worn)
 q - a +0 pair of gloves (worn)
 v - a +0 cloak (worn)
Jewellery
 f - an amulet of reflection
Wands
 h - a wand of charming (11)
Scrolls
 b - a scroll of fear
 c - a scroll of butterflies
 l - 2 scrolls of amnesia
 m - a scroll of vulnerability
 n - a scroll of teleportation
 o - a scroll of torment {unknown}
 y - a scroll of poison {unknown}
 z - a scroll of immolation {unknown}
Potions
 e - 3 potions of curing
 i - 2 potions of haste
 p - 2 potions of ambrosia
 s - a potion of heal wounds {unknown}
 t - a potion of magic {unknown}
 u - 2 potions of flight {unknown}
 w - 2 potions of brilliance


   Skills:
 + Level 3.7(1.8) Fighting
 + Level 2.6(1.3) Short Blades
 + Level 3.7(1.8) Long Blades
 + Level 2.6(1.3) Axes
 + Level 2.6(1.3) Maces & Flails
 + Level 2.6(1.3) Polearms
 + Level 2.6(1.3) Staves
 + Level 2.6(1.3) Ranged Weapons
 + Level 2.6(1.3) Throwing
 + Level 5.3(2.6) Armour
 + Level 5.3(2.6) Dodging
 + Level 2.6(1.3) Stealth
 + Level 2.6(1.3) Shields
 + Level 9.0(5.0) Unarmed Combat
 + Level 2.6(1.3) Spellcasting
 + Level 2.1(1.0) Conjurations
 + Level 2.1(1.0) Hexes
 + Level 2.1(1.0) Summonings
 + Level 2.1(1.0) Necromancy
 + Level 2.1(1.0) Translocations
 + Level 2.1(1.0) Transmutations
 + Level 2.1(1.0) Fire Magic
 + Level 2.1(1.0) Ice Magic
 + Level 2.1(1.0) Air Magic
 + Level 2.1(1.0) Earth Magic
 + Level 2.1(1.0) Poison Magic
 + Level 2.9(1.4) Invocations
 + Level 2.6(1.3) Evocations


You had 11 spell levels left.
You didn't know any spells.
Your spell library contained the following spells:

 Spells                   Type           Power      Damage    Failure   Level
 Sting                    Tmut/Pois      8%         1d3       41%         1
 Poisonous Vapours        Pois/Air       4%         N/A       54%         2
 Olgreb's Toxic Radiance  Pois           2%         N/A       99%         4


Dungeon Overview and Level Annotations

Branches:
Dungeon (5/15)             Temple (1/1) D:5

Altars:
Ashenzari
Cheibriados
Dithmenos
Kikubaaqudgha
Okawaru
Qazlal
Sif Muna
Trog
Uskayaw
Yredelemnul

Annotations:
D:5 Edmund, Menkaure


Innate Abilities, Weirdness & Mutations

You have very sharp teeth.
Your uncanny sense of smell can sniff out nearby items.
Your experience applies equally to all skills.


Message History

Blink to where?
Press: ? - help, Dir - move target
As you read the scroll labelled FEHUDW GOFFUE, it crumbles to dust.
It was a scroll of blinking.
There is a staircase back to the Dungeon here.
As you read the scroll labelled SEVUOCSIYWN, it crumbles to dust.
It is a scroll of amnesia.
You feel forgetful for a moment.
As you read the scroll labelled MOTSUL QEIR, it crumbles to dust.
Magic quickly surges around you.
It was a scroll of vulnerability.
As you read the scroll labelled WENGAE ALAUN, it crumbles to dust.
You feel strangely unstable.
It was a scroll of teleportation.
You climb upwards.
Welcome back to the Dungeon!
Level annotation: Edmund, Menkaure Your surroundings suddenly seem different.
Found a scroll of teleportation.
Menkaure shouts, "You disturbed my rest!
Die!"
You hit Menkaure.
Menkaure is moderately damaged.
You hit Menkaure. You bite Menkaure, but do no damage.
Menkaure is moderately damaged.
Menkaure hits you!
You hit Menkaure. You punch Menkaure.
Menkaure is heavily damaged.
Menkaure gestures wildly while chanting.
Menkaure seems to speed up.
You punch Menkaure!
Menkaure is almost destroyed.
Menkaure hits you!
You barely miss Menkaure.
Menkaure is almost destroyed.
Menkaure barely misses you.
You hit Menkaure.
Menkaure is almost destroyed.
Menkaure hits you!!
* * * LOW HITPOINT WARNING * * *
The iguana hisses angrily.
As you read the scroll of teleportation, it crumbles to dust.
You feel strangely unstable. Menkaure hits you!
You die...

#............#.....
#.###...###....#..#
#...#.l.#...####..#
#...#...#...# #...
#............ ...#
#...###.#..## ####
##@...#.##. #M##.#.
.. #@# # ..
#?...l... ####.#...
.. ... ∆.. #


You could see Edmund, Menkaure (fast) and an iguana.

Vanquished Creatures
  A centaur (D:5)
  A phantom (D:5)
  A scorpion (D:5)
  A necrophage (D:4)
  A hound (D:5)
  Jessica (D:3)
  3 iguanas
  3 orc wizards
  Terence (D:3)
  4 adders
  An ufetubus (D:5)
  2 worms
  5 dart slugs
  7 orcs
  6 endoplasms
  3 giant cockroaches
  9 goblins
  6 hobgoblins
  2 jackals (D:3)
  2 kobolds
  4 quokkas
  3 ball pythons
  4 bats
  8 frilled lizards
  8 rats
87 creatures vanquished.

Notes
Turn   | Place    | Note
-------+----------+-------------------------------------------
     0 | D:1      | epen the Gnoll Wanderer began the quest for the Orb.
     0 | D:1      | epen set off with the following items: a +0 falchion, a
                  | scroll of fear, a scroll of butterflies, a +0 ring mail, a
                  | potion of curing.
     0 | D:1      | Reached XP level 1. HP: 17/17 MP: 1/1
   141 | D:1      | Reached XP level 2. HP: 23/23 MP: 2/2
   386 | D:1      | Reached XP level 3. HP: 24/28 MP: 3/3
   609 | D:2      | You fall into a shaft and drop 1 floor!
   706 | D:3      | Noticed Jessica
   723 | D:3      | Killed Jessica
   724 | D:3      | Reached skill level 1 in Short Blades
   724 | D:3      | Reached skill level 1 in Axes
   724 | D:3      | Reached skill level 1 in Maces & Flails
   724 | D:3      | Reached skill level 1 in Polearms
   724 | D:3      | Reached skill level 1 in Staves
   724 | D:3      | Reached skill level 1 in Ranged Weapons
   724 | D:3      | Reached skill level 1 in Throwing
   724 | D:3      | Reached skill level 1 in Stealth
   724 | D:3      | Reached skill level 1 in Shields
   724 | D:3      | Reached skill level 1 in Spellcasting
   724 | D:3      | Reached skill level 1 in Invocations
   724 | D:3      | Reached skill level 1 in Evocations
   756 | D:2      | Reached XP level 4. HP: 34/34 MP: 5/5
  1042 | D:2      | Reached skill level 1 in Conjurations
  1042 | D:2      | Reached skill level 1 in Hexes
  1042 | D:2      | Reached skill level 1 in Summonings
  1042 | D:2      | Reached skill level 1 in Necromancy
  1042 | D:2      | Reached skill level 1 in Translocations
  1042 | D:2      | Reached skill level 1 in Transmutations
  1042 | D:2      | Reached skill level 1 in Fire Magic
  1042 | D:2      | Reached skill level 1 in Ice Magic
  1042 | D:2      | Reached skill level 1 in Air Magic
  1042 | D:2      | Reached skill level 1 in Earth Magic
  1042 | D:2      | Reached skill level 1 in Poison Magic
  1049 | D:2      | Found a faded altar of an unknown god.
  1056 | D:2      | Prayed at the altar of an unknown god.
  1056 | D:2      | Became a worshipper of Ashenzari the Shackled
  1527 | D:3      | Reached XP level 5. HP: 36/40 MP: 5/7
  1688 | D:3      | Noticed Terence
  1697 | D:3      | Killed Terence
  2008 | D:4      | Reached XP level 6. HP: 44/47 MP: 8/8
  2186 | D:4      | Reached skill level 5 in Armour
  2186 | D:4      | Reached skill level 5 in Dodging
  2498 | D:5      | Entered Level 5 of the Dungeon
  2561 | D:5      | Reached XP level 7. HP: 30/52 MP: 10/10
  2698 | D:5      | Noticed a yak
  2698 | D:5      | Noticed a yak
  2707 | D:5      | Noticed a yak
  2921 | D:5      | Reached skill level 9 in Unarmed Combat
  2921 | D:5      | Found a staircase to the Ecumenical Temple.
  2926 | D:5      | Noticed Menkaure
  2928 | D:5      | Noticed Edmund
  2930 | Temple   | Entered the Ecumenical Temple
  3199 | Temple   | Fell from the grace of Ashenzari
  3199 | Temple   | Became a worshipper of Cheibriados the Contemplative
  3300 | D:5      | Slain by Menkaure

Illustrated notes

Levels and vault maps discovered:
D:1:      minmay_arrival_checkered_box, layout_loops_ring
D:2:      cheibrodos_helix_gallery, layout_loops_ring,
          ebering_ecumenical_altar_rust
D:3:      layout_loops_ring, uniq_jessica, uniq_terence
D:4:      layout_cave_pools, corexii_corridor_pit
D:5:      layout_loops_cross, minmay_temple_entry_junction_2, uniq_menkaure,
          uniq_edmund
Temple:   jpeg_temple_alley_garden

Skill      XL: |  1  2  3  4  5  6  7 |
---------------+----------------------+-----
Short Blades   | 1 2 |  2.6
Axes           | 1 2 |  2.6
Maces & Flails | 1 2 |  2.6
Polearms       | 1 2 |  2.6
Staves         | 1 2 |  2.6
Ranged Weapons | 1 2 |  2.6
Throwing       | 1 2 |  2.6
Stealth        | 1 2 |  2.6
Shields        | 1 2 |  2.6
Spellcasting   | 1 2 |  2.6
Invocations    | 1 2 |  2.9
Evocations     | 1 2 |  2.6
Conjurations   | 1 2 |  2.1
Hexes          | 1 2 |  2.1
Summonings     | 1 2 |  2.1
Necromancy     | 1 2 |  2.1
Translocations | 1 2 |  2.1
Transmutations | 1 2 |  2.1
Fire Magic     | 1 2 |  2.1
Ice Magic      | 1 2 |  2.1
Air Magic      | 1 2 |  2.1
Earth Magic    | 1 2 |  2.1
Poison Magic   | 1 2 |  2.1
Fighting       | 3 |  3.7
Long Blades    | 3 |  3.7
Armour         | 5 |  5.3
Dodging        | 5 |  5.3
Unarmed Combat | 9 |  9.0

Action                     |  1- 3 |  4- 6 |  7- 9 || total
---------------------------+-------+-------+-------++-------
  Melee: Unarmed           |    56 |   166 |    44 ||   266
         Falchion          |     4 |       |       ||     4
         Bite              |     4 |    20 |     4 ||    28
         Punch             |     1 |     7 |     3 ||    11
    Use: Scroll            |       |       |     9 ||     9
   Stab: Sleeping          |       |     2 |       ||     2
 Armour: Ring mail         |    18 |    47 |    10 ||    75
  Dodge: Dodged            |    32 |    64 |    30 ||   126

Table legend: (Time is in decaauts)
 A = Elapsed time spent in this place.
 B = Non-inter-level travel time spent in this place.
 C = Inter-level travel time spent in this place.
 D = Time resting spent in this place.
 E = Time spent auto-exploring this place.
 F = Levels seen in this place.
 G = Mean time per level.
                   A        B        C        D        E       F      G
               +--------+--------+--------+--------+--------+-----+--------+
         Total |   3272 |   3089 |    183 |    139 |   2323 |   6 |  545.3 |
       Dungeon |   2901 |   2826 |     75 |    100 |   2116 |   5 |  580.2 |
        Temple |    370 |    262 |    108 |     39 |    207 |   1 |  370.0 |
               +--------+--------+--------+--------+--------+-----+--------+

Top non-repeatable levels by time:
     D:3: 774 daAuts
     D:1: 603 daAuts
     D:2: 599 daAuts
     D:4: 507 daAuts
     D:5: 417 daAuts
  Temple: 370 daAuts
